Workbook

Sheet BUDGET OVERVIEW
A1: #VALUE!
A2: APPENDIX B
A3: PROJECT BUDGET - REIMBURSEMENT
A4: FUNDING PROGRAM NAME: | C4: TO BE ENTERED BY WVHEPC
A5: FR NUMBER: | C5: TO BE ENTERED BY WVHEPC
A6: GA NUMBER: | C6: TO BE ENTERED BY WVHEPC
A7: ORGANIZATION: | C7: TO BE ENTERED BY WVHEPC
A9: BUDGET OVERVIEW
A10: BUDGET CATEGORY | B10: INITIAL BUDGET | C10: MATCHING FUND BUDGET | D10: MATCHING FUND EXPENDITURES | E10: CO 1 | F10: CO 2 | G10: REVISED BUDGET | H10: REIMBURSEMENT 1 | I10: REIMBURSEMENT 2 | J10: REIMBURSEMENT 3 | K10: TOTAL EXPENDITURES | L10: REMAINING BUDGET
E11: DATE | F11: DATE | H11: DATE | I11: DATE | J11: DATE
A12: PERSONAL SERVICES | B12: =SUMIF(Table1[BUDGET CATEGORY],'BUDGET OVERVIEW'!A12,Table1[INITIAL BUDGET AMOUNT]) -> 0 | C12: =SUMIF(Table2[BUDGET CATEGORY],'BUDGET OVERVIEW'!A12,Table2[AMOUNT]) -> 0 | D12: =SUMIF(Table25[BUDGET CATEGORY],'BUDGET OVERVIEW'!A12,Table25[AMOUNT]) -> 0 | E12: =SUMIF(Table9[BUDGET CATEGORY],'BUDGET OVERVIEW'!A12,Table9[AMOUNT MOVED (+/-)]) -> 0 | F12: =SUMIF(Table10[BUDGET CATEGORY],'BUDGET OVERVIEW'!A12,Table10[AMOUNT MOVED (+/-)]) -> 0 | G12: =SUM(B12,E12:F12) -> 0 | H12: =SUMIF(Table17[BUDGET CATEGORY],'BUDGET OVERVIEW'!A12,Table17[AMOUNT TO BE REINBURSED]) -> 0 | I12: =SUMIF(Table178[BUDGET CATEGORY],'BUDGET OVERVIEW'!A12,Table178[AMOUNT TO BE REINBURSED]) -> 0 | J12: =SUMIF(Table1789[BUDGET CATEGORY],'BUDGET OVERVIEW'!A12,Table1789[AMOUNT TO BE REINBURSED]) -> 0 | K12: =SUM(H12:J12) -> 0 | L12: =G12-K12 -> 0
A13: FRINGE BENEFITS | B13: =SUMIF(Table1[BUDGET CATEGORY],'BUDGET OVERVIEW'!A13,Table1[INITIAL BUDGET AMOUNT]) -> 0 | C13: =SUMIF(Table2[BUDGET CATEGORY],'BUDGET OVERVIEW'!A13,Table2[AMOUNT]) -> 0 | D13: =SUMIF(Table25[BUDGET CATEGORY],'BUDGET OVERVIEW'!A13,Table25[AMOUNT]) -> 0 | E13: =SUMIF(Table9[BUDGET CATEGORY],'BUDGET OVERVIEW'!A13,Table9[AMOUNT MOVED (+/-)]) -> 0 | F13: =SUMIF(Table10[BUDGET CATEGORY],'BUDGET OVERVIEW'!A13,Table10[AMOUNT MOVED (+/-)]) -> 0 | G13: =SUM(B13,E13:F13) -> 0 | H13: =SUMIF(Table17[BUDGET CATEGORY],'BUDGET OVERVIEW'!A13,Table17[AMOUNT TO BE REINBURSED]) -> 0 | I13: =SUMIF(Table178[BUDGET CATEGORY],'BUDGET OVERVIEW'!A13,Table178[AMOUNT TO BE REINBURSED]) -> 0 | J13: =SUMIF(Table1789[BUDGET CATEGORY],'BUDGET OVERVIEW'!A13,Table1789[AMOUNT TO BE REINBURSED]) -> 0 | K13: =SUM(H13:J13) -> 0 | L13: =G13-K13 -> 0
A14: TRAVEL | B14: =SUMIF(Table1[BUDGET CATEGORY],'BUDGET OVERVIEW'!A14,Table1[INITIAL BUDGET AMOUNT]) -> 0 | C14: =SUMIF(Table2[BUDGET CATEGORY],'BUDGET OVERVIEW'!A14,Table2[AMOUNT]) -> 0 | D14: =SUMIF(Table25[BUDGET CATEGORY],'BUDGET OVERVIEW'!A14,Table25[AMOUNT]) -> 0 | E14: =SUMIF(Table9[BUDGET CATEGORY],'BUDGET OVERVIEW'!A14,Table9[AMOUNT MOVED (+/-)]) -> 0 | F14: =SUMIF(Table10[BUDGET CATEGORY],'BUDGET OVERVIEW'!A14,Table10[AMOUNT MOVED (+/-)]) -> 0 | G14: =SUM(B14,E14:F14) -> 0 | H14: =SUMIF(Table17[BUDGET CATEGORY],'BUDGET OVERVIEW'!A14,Table17[AMOUNT TO BE REINBURSED]) -> 0 | I14: =SUMIF(Table178[BUDGET CATEGORY],'BUDGET OVERVIEW'!A14,Table178[AMOUNT TO BE REINBURSED]) -> 0 | J14: =SUMIF(Table1789[BUDGET CATEGORY],'BUDGET OVERVIEW'!A14,Table1789[AMOUNT TO BE REINBURSED]) -> 0 | K14: =SUM(H14:J14) -> 0 | L14: =G14-K14 -> 0
A15: EQUIPMENT | B15: =SUMIF(Table1[BUDGET CATEGORY],'BUDGET OVERVIEW'!A15,Table1[INITIAL BUDGET AMOUNT]) -> 0 | C15: =SUMIF(Table2[BUDGET CATEGORY],'BUDGET OVERVIEW'!A15,Table2[AMOUNT]) -> 0 | D15: =SUMIF(Table25[BUDGET CATEGORY],'BUDGET OVERVIEW'!A15,Table25[AMOUNT]) -> 0 | E15: =SUMIF(Table9[BUDGET CATEGORY],'BUDGET OVERVIEW'!A15,Table9[AMOUNT MOVED (+/-)]) -> 0 | F15: =SUMIF(Table10[BUDGET CATEGORY],'BUDGET OVERVIEW'!A15,Table10[AMOUNT MOVED (+/-)]) -> 0 | G15: =SUM(B15,E15:F15) -> 0 | H15: =SUMIF(Table17[BUDGET CATEGORY],'BUDGET OVERVIEW'!A15,Table17[AMOUNT TO BE REINBURSED]) -> 0 | I15: =SUMIF(Table178[BUDGET CATEGORY],'BUDGET OVERVIEW'!A15,Table178[AMOUNT TO BE REINBURSED]) -> 0 | J15: =SUMIF(Table1789[BUDGET CATEGORY],'BUDGET OVERVIEW'!A15,Table1789[AMOUNT TO BE REINBURSED]) -> 0 | K15: =SUM(H15:J15) -> 0 | L15: =G15-K15 -> 0
A16: SUPPLIES | B16: =SUMIF(Table1[BUDGET CATEGORY],'BUDGET OVERVIEW'!A16,Table1[INITIAL BUDGET AMOUNT]) -> 0 | C16: =SUMIF(Table2[BUDGET CATEGORY],'BUDGET OVERVIEW'!A16,Table2[AMOUNT]) -> 0 | D16: =SUMIF(Table25[BUDGET CATEGORY],'BUDGET OVERVIEW'!A16,Table25[AMOUNT]) -> 0 | E16: =SUMIF(Table9[BUDGET CATEGORY],'BUDGET OVERVIEW'!A16,Table9[AMOUNT MOVED (+/-)]) -> 0 | F16: =SUMIF(Table10[BUDGET CATEGORY],'BUDGET OVERVIEW'!A16,Table10[AMOUNT MOVED (+/-)]) -> 0 | G16: =SUM(B16,E16:F16) -> 0 | H16: =SUMIF(Table17[BUDGET CATEGORY],'BUDGET OVERVIEW'!A16,Table17[AMOUNT TO BE REINBURSED]) -> 0 | I16: =SUMIF(Table178[BUDGET CATEGORY],'BUDGET OVERVIEW'!A16,Table178[AMOUNT TO BE REINBURSED]) -> 0 | J16: =SUMIF(Table1789[BUDGET CATEGORY],'BUDGET OVERVIEW'!A16,Table1789[AMOUNT TO BE REINBURSED]) -> 0 | K16: =SUM(H16:J16) -> 0 | L16: =G16-K16 -> 0
A17: CONTRACTS | B17: =SUMIF(Table1[BUDGET CATEGORY],'BUDGET OVERVIEW'!A17,Table1[INITIAL BUDGET AMOUNT]) -> 0 | C17: =SUMIF(Table2[BUDGET CATEGORY],'BUDGET OVERVIEW'!A17,Table2[AMOUNT]) -> 0 | D17: =SUMIF(Table25[BUDGET CATEGORY],'BUDGET OVERVIEW'!A17,Table25[AMOUNT]) -> 0 | E17: =SUMIF(Table9[BUDGET CATEGORY],'BUDGET OVERVIEW'!A17,Table9[AMOUNT MOVED (+/-)]) -> 0 | F17: =SUMIF(Table10[BUDGET CATEGORY],'BUDGET OVERVIEW'!A17,Table10[AMOUNT MOVED (+/-)]) -> 0 | G17: =SUM(B17,E17:F17) -> 0 | H17: =SUMIF(Table17[BUDGET CATEGORY],'BUDGET OVERVIEW'!A17,Table17[AMOUNT TO BE REINBURSED]) -> 0 | I17: =SUMIF(Table178[BUDGET CATEGORY],'BUDGET OVERVIEW'!A17,Table178[AMOUNT TO BE REINBURSED]) -> 0 | J17: =SUMIF(Table1789[BUDGET CATEGORY],'BUDGET OVERVIEW'!A17,Table1789[AMOUNT TO BE REINBURSED]) -> 0 | K17: =SUM(H17:J17) -> 0 | L17: =G17-K17 -> 0
A18: SUBAWARDS | B18: =SUMIF(Table1[BUDGET CATEGORY],'BUDGET OVERVIEW'!A18,Table1[INITIAL BUDGET AMOUNT]) -> 0 | C18: =SUMIF(Table2[BUDGET CATEGORY],'BUDGET OVERVIEW'!A18,Table2[AMOUNT]) -> 0 | D18: =SUMIF(Table25[BUDGET CATEGORY],'BUDGET OVERVIEW'!A18,Table25[AMOUNT]) -> 0 | E18: =SUMIF(Table9[BUDGET CATEGORY],'BUDGET OVERVIEW'!A18,Table9[AMOUNT MOVED (+/-)]) -> 0 | F18: =SUMIF(Table10[BUDGET CATEGORY],'BUDGET OVERVIEW'!A18,Table10[AMOUNT MOVED (+/-)]) -> 0 | G18: =SUM(B18,E18:F18) -> 0 | H18: =SUMIF(Table17[BUDGET CATEGORY],'BUDGET OVERVIEW'!A18,Table17[AMOUNT TO BE REINBURSED]) -> 0 | I18: =SUMIF(Table178[BUDGET CATEGORY],'BUDGET OVERVIEW'!A18,Table178[AMOUNT TO BE REINBURSED]) -> 0 | J18: =SUMIF(Table1789[BUDGET CATEGORY],'BUDGET OVERVIEW'!A18,Table1789[AMOUNT TO BE REINBURSED]) -> 0 | K18: =SUM(H18:J18) -> 0 | L18: =G18-K18 -> 0
A19: CONSTRUCTION | B19: =SUMIF(Table1[BUDGET CATEGORY],'BUDGET OVERVIEW'!A19,Table1[INITIAL BUDGET AMOUNT]) -> 0 | C19: =SUMIF(Table2[BUDGET CATEGORY],'BUDGET OVERVIEW'!A19,Table2[AMOUNT]) -> 0 | D19: =SUMIF(Table25[BUDGET CATEGORY],'BUDGET OVERVIEW'!A19,Table25[AMOUNT]) -> 0 | E19: =SUMIF(Table9[BUDGET CATEGORY],'BUDGET OVERVIEW'!A19,Table9[AMOUNT MOVED (+/-)]) -> 0 | F19: =SUMIF(Table10[BUDGET CATEGORY],'BUDGET OVERVIEW'!A19,Table10[AMOUNT MOVED (+/-)]) -> 0 | G19: =SUM(B19,E19:F19) -> 0 | H19: =SUMIF(Table17[BUDGET CATEGORY],'BUDGET OVERVIEW'!A19,Table17[AMOUNT TO BE REINBURSED]) -> 0 | I19: =SUMIF(Table178[BUDGET CATEGORY],'BUDGET OVERVIEW'!A19,Table178[AMOUNT TO BE REINBURSED]) -> 0 | J19: =SUMIF(Table1789[BUDGET CATEGORY],'BUDGET OVERVIEW'!A19,Table1789[AMOUNT TO BE REINBURSED]) -> 0 | K19: =SUM(H19:J19) -> 0 | L19: =G19-K19 -> 0
A20: OTHER | B20: =SUMIF(Table1[BUDGET CATEGORY],'BUDGET OVERVIEW'!A20,Table1[INITIAL BUDGET AMOUNT]) -> 0 | C20: =SUMIF(Table2[BUDGET CATEGORY],'BUDGET OVERVIEW'!A20,Table2[AMOUNT]) -> 0 | D20: =SUMIF(Table25[BUDGET CATEGORY],'BUDGET OVERVIEW'!A20,Table25[AMOUNT]) -> 0 | E20: =SUMIF(Table9[BUDGET CATEGORY],'BUDGET OVERVIEW'!A20,Table9[AMOUNT MOVED (+/-)]) -> 0 | F20: =SUMIF(Table10[BUDGET CATEGORY],'BUDGET OVERVIEW'!A20,Table10[AMOUNT MOVED (+/-)]) -> 0 | G20: =SUM(B20,E20:F20) -> 0 | H20: =SUMIF(Table17[BUDGET CATEGORY],'BUDGET OVERVIEW'!A20,Table17[AMOUNT TO BE REINBURSED]) -> 0 | I20: =SUMIF(Table178[BUDGET CATEGORY],'BUDGET OVERVIEW'!A20,Table178[AMOUNT TO BE REINBURSED]) -> 0 | J20: =SUMIF(Table1789[BUDGET CATEGORY],'BUDGET OVERVIEW'!A20,Table1789[AMOUNT TO BE REINBURSED]) -> 0 | K20: =SUM(H20:J20) -> 0 | L20: =G20-K20 -> 0
A21: TOTAL | B21: =SUM(B12:B17) -> 0 | C21: =SUM(C12:C17) -> 0 | D21: =SUM(D12:D17) -> 0 | E21: =SUM(E12:E17) -> 0 | F21: =SUM(F12:F17) -> 0 | G21: =SUM(G12:G17) -> 0 | H21: =SUM(H12:H17) -> 0 | I21: =SUM(I12:I17) -> 0 | ... L21: =SUM(L12:L17) -> 0
A23: TOTAL GRANT FUNDS BUDGET | D23: =B21 -> 0
A24: TOTAL MATCHING FUNDS BUDGET | D24: =C21 -> 0
A25: TOTAL PROJECT FUNDS (MATCHING AND GRANT) | D25: =D23+D24 -> 0
A26: % OF FUNDS FROM MATCHING | D26: =D24/D25 -> #DIV/0!
A28: MAXIMUM AMOUNT THAT CAN BE MOVED BETWEEN BUDGET CATEGORIES WITHOUT A CHANGE ORDER: | F28: =G21*0.1 -> 0
A30: CHANGE ORDER REQUIREMENTS
A31: A grantee must request a change order under the following circumstances: 1. A significant change in activities from what was originally planned for within the statement of work/executed grant agreement. 2. The project timeline is moving slower than anticipated and the grantee needs additional time to complete the work and/or expend all project funds. 3. Transfering more than 10% of the total approved budget amount between expense categories. 4. A new purchase of equipment that is $1,000 or more and was not included in the inital grant request. 5. The grantee encounters circumstances that requires the termination of the agreement. All requests for change orders must be submitted in the WVHEPC grants portal no less than 30 days before the end of a grant.
A33: BUDGET CATEGORY DESCRIPTIONS AND INSTRUCTIONS
A34: BUDGET CATEGORY | B34: INSTRUCTIONS | H34: EXAMPLE BUDGET
H35: BUDGET CATEGORY | I35: BUDGET SUB CATEGORY | J35: INITIAL BUDGET AMOUNT | K35: BUDGET DESCRIPTION
A36: PERSONAL SERVICES | B36: Salaries and benefits should be established within the personnel system of the grantee institution. Break out by individual positions and include each individual’s salary and benefit amount and the percentage of the person’s time paid under the grant. Include a brief description of the person’s duties under the funding project. Timesheet reports to document efforts toward project work may be required to be kept. Ask project lead identified within the RFA for details about this requirement. | H36: PERSONAL SERVICES | I36: SENIOR PROJECT DIRECTOR SALARY | J36: 50000 | K36: ANNUAL SALARY - $100,000 PERCENTAGE OF TIME ON PROJECT - 50% TIME STATUS - FULL-TIME THE SENIOR PROJECT DIRECTOR IS RESPONSIBLE FOR ENSURING SUCCESS OF THE PROJECT, REPORTING, AND ALL PROJECT OVERSIGHT.
A37: FRINGE BENEFITS | B37: Fringe should be established within the personnel system of the grantee institution. Breakout fringe by individual positions and include the fringe rate for the position, salary of the position, percentage of time the person's time will be paid out in the grant, and the fringe categories the grant will be covering (i.e. social security, medicare, increment, health insurance, etc). Allowable fringe categorys include employer payroll taxes such as FICA/Medicare and unemployment taxes, health, dental, vision, life and disability insurance, retirement plan contributions, workers compenstation insurance, paid leave, tuition or other employee assistance benefits, and other employee benefits that are a part of an organization's compensation package. | H37: FRINGE BENEFITS | I37: SENIOR PROJECT DIRECTOR FRINGE BENEFITS | J37: 10000 | K37: SENIOR PROJECT DIRECTOR FRINGE RATE IS 10% OF ANNUAL SALARY ($100,000). FRINGE RATE INCLUDES FICA/MEDICARE, UNEMPLOYMENT TAXES, HEALTH INSURANCE, AND RETIREMENT BENEFITS.
A38: TRAVEL | B38: Travel category should include transportation, lodging, meals and other incidential costs incurred by those traveling on official buisness necessary within the funded program. This category includes registration fees connected to conference travel. | H38: TRAVEL | I38: ANNUAL PROJECT CONFERENCE IN ATLANTA GEORGIA | J38: 1840 | K38: CONFERENCE IN ATLANTA GEORGIA FROM APRIL 15TH, 2027 THROUGH APRIL 18TH, 2027 FOR THE SENIOR PROJECT DIRECTOR OF THE PROJECT. CONFERENCE WILL HELP INSTRUCT SENIOR PROJECT DIRECTOR ON OVERALL DIRECTION OF WORK. AIRLINE COSTS FOR ROUNDTRIP TRAVEL ARE ESTIMATED TO BE $1,000 WITH DEPARTURE ON APRIL 14TH, 2027 AND RETURN ON APRIL 18TH, 2027. LODGING AT THE CONFERENCE HOTEL AT THE CONFERENCE RATE IS $200 PER NIGHT FOR FOUR NIGHTS IS $800. ALL MEALS ARE PROVIDED FOR THE CONFERENCE SO NO FUNDS ARE NEEDED. TAXI TO AND FROM THE CONFERENCE HOTEL ARE ESTIMATED TO BE $20 EACH (COST OCCURING TWICE). TOTAL COSTS FOR TAXIS WILL BE $40.
A39: EQUIPMENT | B39: Equipment is tangiable personal property including information technology systems with a useful life of more than one year and a per unit acquisition cost at or above $1,000. Other items below this threshold should be categorized as supplies. Equipment purchases should include item description and manufacturer/model if known, quantity, estimated unit cost and total cost, project purpose and how it supports award activities, why existing equipment cannot be used, expected useful life, allocation method if equipmetn will support multiple projects, and whether prior approval is required. After equipment purchass, you must maintain property records related to inventory, conduct phycial inventory and reconcile it with property records at least once every two years, safeguard and maintain equipment, use equipment for the federally funded project as long as it is needed, and follow federal rules for disposition or transfer when its no longer needed for the project. | H39: EQUIPMENT | I39: SIMULATION DUMMIES | J39: 5000 | K39: TWO SIMULATION DUMMIES WILL BE PURCHASED FOR PROGRAM PARTICIPANTS TO BE ABLE TO PRACTICE SKILLS LEARNED IN THE ACADEMY. 2 SIMULATION DUMMIES AT $2,500 EACH = $5,000
A40: SUPPLIES | B40: Supplies covers tangible personal property that does not meet the defintion of equipment and are generally items with a useful life of one year or less or below $1,000 per unit. Computer supplies that cost less than $1,000 are classfied as supplies even if their useful life lasts more than one year. Descriptions should incldue the supply item to be purchased, quantity, per unit cost, total unit cost, and justification demonstrating the supply's need for the funded project. If unused supplies thanve a residual value of more than $10,000 after the award ends and are not needed for another federally sponsored project, the federal government may have an interest in them and the organization may need to compensate the federal government for its share or follow agency disposition instructions. | H40: SUPPLIES | I40: SCRUBS | J40: 1000 | K40: SCRUBS ARE NECESSARY FOR PARTICIPANTS IN THE ACADEMY. WE ANTICIPATE 50 PARTICIPANTS AND EACH PAIR OF SCRUBS COSTS $20. 50 PAIRS OF SCRUBS X $20 PER PAIR = $1,000
A41: CONTRACTS | B41: Contracts generally cover payments to outside vendors, consultants, service providers, or other organizations thtat provide goods and services to carry out project activities. Contracts are different from subawards in that a contract provides goods and services for the organization's use and a subrecipient carries out part of the federal program and is responsible for programmatic results. Descriptions should include the contractor and service to be obtained, the base cost of the service (and per unit cost if applicable), total cost of the service, and a justification that connects the cost to programmatic activities. | H41: CONTRACTS | I41: CPR TRAINING CONTRACT | J41: 600 | K41: WE WILL OBTAIN A CONTRACT FOR CPR INSTRUCTION FOR PARTICPANTS WITHIN THE ACADEMY AS PART OF THE ACADEMY TRAINING AVILABLE. THE CPR TRAINING WILL BE OFFERED IN TWO HALF-DAY (4 HOURS) EVENTS. EACH EVENT TRAINING IS CONTACTED TO COST $300 EACH. 2 EVENTS X $300 PER CPR TRAINING = $600.
A42: SUBAWARDS | B42: Subawards generally cover funds passed from a recipient to another eligible organization to carry out a substantive portion of a project and the subrecipient is responsible for complying with applicable federal requirements just as the recipient is. Sub recipients must generally identify the arrangement as a subaward and include the required federal information, provide the applicable federal terms, conditions, and compliance requirements, evaluate the subrecipients risk of noncompliance, monitor programmatic performance fan fiscal compliance, review required financial and performance reports, follow up on audit finidings and corrective actions that affect the subaward, verify that the subrecipient is not suspended or debarred, take action on deficiencies, and complete proper closeout of the subaward. Subaward agreements must include federal award identification information including the federal agency, assistance listing number, award number and performance period, amount of federal funds obligated, scope of work, budget, and delieverables reporting deadlines and required reports, applicable compliance requirements and special conditions, indirect cost rate information, audit requirements, payment terms, record retention, closeout, termination, and remedies provisions, and required flow-down terms. Subawards should identify the subaward recipient, the amount of the award, and overview of the scope of the award and tie the award back to the project and how it relates to it. | H42: SUBAWARDS | I42: TEST UNIVERSITY | J42: 5000 | K42: WE WILL SUBAWARD TEST UNIVERSITY $5,000 TO OFFER THE ACADEMIES AND UTILIZE THEIR STAFF FOR THE EVENTS. TEST UNIVERSITY WILL BE RESPONSIBLE FOR STAFFING AND ENSURING THE SUCCESS OF THE EVENT.
A43: CONSTRUCTION | B43: Construction covers the costs to build, renovate, alter, improve, or repaid real property in support of a federal grant. Construction is only allowable when explicitly authorized by the federal program. Do not put items under this category unless specifically given instructions to do so. | H43: CONSTRUCTION | I43: FACILITIES UPGRADES | J43: 5000 | K43: WE WILL WORK WITH A CONTRACTOR TO DESIGN AND IMPLEMENT IMPROVEMENTS TO THE FACILITY IN FURTHARANCE OF THE PROJECT. IMPROVEMENTS ARE NECESSARY TO SUPPORT THE ACADEMIES.
A44: OTHER | B44: Other is a budget category for expenses that do not neatly fit into the other defined budget categories. Common examples of things that fit into this category include facility rental, utilities, postage and shipping costs, printing or copying costs, insurance, subscriptions, memberships, participant incentives, certification fees, etc. Other description should include a calculation for the cost of the expense and a justification that ties the need for the expense back to the project. | H44: OTHER | I44: POSTAGE | J44: 50 | K44: POSTAGE IS NECESSARY TO SEND OUT COMPLETION CERTIFICATES FOR PARTICIPANTS FOLLOWING THE ACADEMY. IT IS ESTIMATED THAT WE WILL NEED 5 $10 BOOKS OF STAMPS TO COMPLETE THE MAILING.

Sheet INITIAL BUDGET
A1: #VALUE!
A2: INITIAL BUDGET
A3: INSTRUCTIONS: SELECT THE BUDGET CATEGORY IN THE BUDGET CATEGORY FIELD AND CREATE BUDGET SUB CATEGORIES. BUDGET SUB CATEGORIES WILL BE USED WITH REIMBURSEMENTS IN SUBSEQUENT TABS WITHIN THIS WORKSHEET. THE INFORMATION ENTERED WILL AUTOMATICALLY TALLY ON THE BUDGET OVERVIEW TAB. PLEASE REFERENCE THE BUDGET CATEGORY DESCRIPTIONS AND INSTRUCTIONS FOUND ON THE BUDGET OVERVIEW TAB FOR HOW EXPENSES SHOULD BE CATEGORIZED.
A4: BUDGET CATEGORY | B4: BUDGET SUB CATEGORY | C4: INITIAL BUDGET AMOUNT | D4: INITIAL BUDGET DESCRIPTION

Sheet MATCHING FUNDS BUDGET
A1: #VALUE!
A2: MATCHING FUNDS
A3: INSTRUCTIONS: MATCHING FUNDING FOR BOTH IN KIND AND CASH MATCHES SHOULD BE REPORTED ON THIS TAB AND SHOULD INCLUDE THE SOURCE OF FUNDING (GRANTEE OR OTHER PARTNER), THE TYPE OF MATCHING (CASH OR IN-KIND). ALL AMOUNTS ENTERED WILL AUTOMATICALLY TALLY ON THE BUDGET OVERVIEW TAB.
A4: BUDGET CATEGORY | B4: BUDGET SUB CATEGORY | C4: SOURCE OF FUNDING | D4: TYPE | E4: AMOUNT | F4: DESCRIPTION | K4: CASH
K5: IN-KIND

Sheet MATCHING FUNDS TRANSACTIONS
A1: #VALUE!
A2: MATCHING FUNDS TRANSACTIONS
A3: INSTRUCTIONS: MATCHING FUNDING FOR BOTH IN KIND AND CASH MATCHES TRANSACTIONS SHOULD BE REPORTED ON THIS TAB AND SHOULD INCLUDE THE SOURCE OF FUNDING (GRANTEE OR OTHER PARTNER), THE TYPE OF MATCHING (CASH OR IN-KIND). ALL AMOUNTS ENTERED WILL AUTOMATICALLY TALLY ON THE BUDGET OVERVIEW TAB.
A4: BUDGET CATEGORY | B4: BUDGET SUB CATEGORY | C4: SOURCE OF FUNDING | D4: TYPE | E4: AMOUNT | F4: VENDOR | G4: DATE OF TRANSACTION | H4: JUSTIFICATION | M4: CASH
M5: IN-KIND

Sheet CO1
A1: #VALUE!
A2: CHANGE ORDER 1
A3: INSTRUCTIONS: WVHEPC WILL ENTER THE CHANGE ORDER INFORMATION INTO THIS TEMPLATE ONCE A CHANGE ORDER HAS BEEN EXECUTED.
A4: BUDGET CATEGORY | B4: BUDGET SUB CATEGORY | C4: AMOUNT MOVED (+/-) | D4: REASON FOR MOVEMENT BETWEEN BUDGET CATEGORIES

Sheet CO2
A1: #VALUE!
A2: CHANGE ORDER 2
A3: INSTRUCTIONS: WVHEPC WILL ENTER THE CHANGE ORDER INFORMATION INTO THIS TEMPLATE ONCE A CHANGE ORDER HAS BEEN EXECUTED.
A4: BUDGET CATEGORY | B4: BUDGET SUB CATEGORY | C4: AMOUNT MOVED (+/-) | D4: REASON FOR MOVEMENT BETWEEN BUDGET CATEGORIES

Sheet REIMBURSEMENT 1
A1: #VALUE!
A2: REIMBURSEMENT 1
A3: REIMBURSEMENT FILE BACK UP RECIEPTS FILE NAME:
A4: INSTRUCTIONS: RECORD EACH TRANSACTION YOU ARE REQUESTED REIMBURSEMENT FOR ON THIS SPREADSHEET. BE SURE TO ASSIGN TRANSACTIONS TO THE CORRECT BUDGET AND SUB BUDGET CATEGORIES AS THEY ALIGN WITH YOUR BUDGET. YOU SHOULD IDENTIFY WHICH PAGE OF THE PDF FOR RECIPETS THAT THE TRANSACTION BACK UP DOCUMENTATION CAN BE FOUND IN THE CORRESPONDING ROW.
A5: BUDGET CATEGORY | B5: BUDGET SUB CATEGORY | C5: AMOUNT TO BE REINBURSED | D5: VENDOR | E5: DATE OF TRANSACTION | F5: JUSTIFICATION | G5: BACKUP FILE DOCUEMTNATION PAGE NUMBER

Sheet REIMBURSEMENT 2
A1: #VALUE!
A2: REIMBURSEMENT 2
A3: REIMBURSEMENT FILE BACK UP RECIEPTS FILE NAME:
A4: INSTRUCTIONS: RECORD EACH TRANSACTION YOU ARE REQUESTED REIMBURSEMENT FOR ON THIS SPREADSHEET. BE SURE TO ASSIGN TRANSACTIONS TO THE CORRECT BUDGET AND SUB BUDGET CATEGORIES AS THEY ALIGN WITH YOUR BUDGET. YOU SHOULD IDENTIFY WHICH PAGE OF THE PDF FOR RECIPETS THAT THE TRANSACTION BACK UP DOCUMENTATION CAN BE FOUND IN THE CORRESPONDING ROW.
A5: BUDGET CATEGORY | B5: BUDGET SUB CATEGORY | C5: AMOUNT TO BE REINBURSED | D5: VENDOR | E5: DATE OF TRANSACTION | F5: JUSTIFICATION | G5: BACKUP FILE DOCUEMTNATION PAGE NUMBER

Sheet REIMBURSEMENT 3
A1: #VALUE!
A2: REIMBURSEMENT 3
A3: REIMBURSEMENT FILE BACK UP RECIEPTS FILE NAME:
A4: INSTRUCTIONS: RECORD EACH TRANSACTION YOU ARE REQUESTED REIMBURSEMENT FOR ON THIS SPREADSHEET. BE SURE TO ASSIGN TRANSACTIONS TO THE CORRECT BUDGET AND SUB BUDGET CATEGORIES AS THEY ALIGN WITH YOUR BUDGET. YOU SHOULD IDENTIFY WHICH PAGE OF THE PDF FOR RECIPETS THAT THE TRANSACTION BACK UP DOCUMENTATION CAN BE FOUND IN THE CORRESPONDING ROW.
A5: BUDGET CATEGORY | B5: BUDGET SUB CATEGORY | C5: AMOUNT TO BE REINBURSED | D5: VENDOR | E5: DATE OF TRANSACTION | F5: JUSTIFICATION | G5: BACKUP FILE DOCUEMTNATION PAGE NUMBER
